[Event "*** Titled Tuesday 3|2 Blitz"]
[Site "Chess.com"]
[Date "2016.03.01"]
[Round "2"]
[White "Danirod"]
[Black "StellarChessPro"]
[Result "1-0"]
[WhiteElo "2398"]
[BlackElo "2398"]
[TimeControl "180+2"]
[EndTime "11:50:35 PST"]
[Termination "Danirod won by resignation"]

1. e4 c5 2. Nf3 d6 3. Bb5+ Bd7 4.
Bxd7+ Qxd7 5. O-O Nc6 6. c3 g6 7. d4 cxd4 8. cxd4 Bg7 9. Nc3 e5 10. Be3 Nge7 11. Qd2 O-O 12. Rfd1 exd4 13. Nxd4 Nxd4 14.
Bxd4 Rad8 15. Bxg7 Kxg7 16. Qd4+ Kg8 17. Qxa7 Qe6 18.
Qd4 Nc6 19. Qd5 Qf6 20. a3 Ne5 21. h3 h5 22. Rac1 Rd7 23. Qd4 Qg7 24. Nd5 Re8 25.
f4 Nc6 26. Nf6+ Kh8 27. Qc3 Rde7 28. Nxe8 Rxe8 29. Qxg7+ Kxg7 30. Rc4 Re6 31. b4 f5 32. exf5 gxf5 33. Rd5 Kg6 34. a4 h4 35. Kf2 Kf6 36.
a5 Ne7 37. Rb5 d5 38. Rc7 Re4 39. Rb6+ Kf7 40. Kf3 Ke8 41. Rbxb7 Kd8 42. Rxe7 1-0

[Event "*** Titled Tuesday 3|2 Blitz"]
[Site "Chess.com"]
[Date "2016.03.01"]
[Round "2"]
[White "ZEN-22"]
[Black "Winehouse83"]
[Result "0-1"]
[WhiteElo "2396"]
[BlackElo "2380"]
[TimeControl "180+2"]
[EndTime "11:51:14 PST"]
[Termination "Winehouse83 won by checkmate"]

1. e4 e5 2. Nc3 Nc6 3. f4 d6 4. Nf3 Nf6 5. Bb5 exf4 6. d4 Bd7 7.
Bxf4 Be7 8. h3 Nh5 9. Bh2 Bh4+ 10. Nxh4 Qxh4+ 11. Kf1 Ng3+ 12. Bxg3 Qxg3 13. Bxc6 bxc6 14. Qf3 Qg6 15. Kg1 Rb8 16. b3 O-O 17. Kh2 Rbe8 18.
Rhf1 f5 19. exf5 Rxf5 20. Qd3 Ref8 21. Rxf5 Bxf5 22. Qc4+ d5 23. Qc5 Bxc2 24. Re1 Rf2 25. Rg1 Qd6+ 26. Qxd6 cxd6 27. Kg3 Rd2 28. Rc1 Rd3+ 29.
Kf4 Rxc3 30. g4 c5 31. dxc5 dxc5 32. Ke5 d4 33. b4 d3 34. bxc5 d2 35. Ra1 d1=Q 36.
Rxd1 Bxd1 37. Kd4 Rc1 38. a3 Bf3 39. g5 Kf7 40. h4 Kg6 41. a4 a5 42. Ke3 Bc6 43. Kd4 Kh5 44. Ke5 Rxc5+ 45. Kd6 Rc4 46. Kc7 Rxa4 47. Kb6 Rxh4 48. Kxa5 Kxg5 49. Kb6 Rf4 50. Kc5 Bf3 51. Kd6 h5 52. Ke5 h4 53.
Kd6 Re4 54. Kc5 h3 55. Kd5 h2 56. Kd6 h1=Q 57. Kd5 Qd1+ 58. Kc5 Qc2+ 59. Kd5 Qd3+ 60. Kc5 Rc4+ 61. Kb6 Qb3+ 62. Ka5 Ra4# 0-1

[Event "*** Titled Tuesday 3|2 Blitz"]
[Site "Chess.com"]
[Date "2016.03.01"]
[Round "2"]
[White "jk13"]
[Black "Tirantes"]
[Result "1-0"]
[WhiteElo "2351"]
[BlackElo "2212"]
[TimeControl "180+2"]
[EndTime "11:51:32 PST"]
[Termination "jk13 won on time"]

1. e4 c6 2. Nc3 d5 3. Nf3 dxe4 4. Nxe4 Nf6 5. Nxf6+ exf6 6. g3 Bd6 7. d3 O-O 8.
Bg2 Bg4 9. h3 Re8+ 10. Be3 Bh5 11. Qd2 Na6 12. O-O-O Nb4 13. Kb1 Nd5 14. g4 Bg6 15. h4 h5 16. gxh5 Bxh5 17. Rdg1 Qc7 18. Nd4 Nf4 19. Be4 g6 20. Nf5 Nd5 21. Ng3 Bxg3 22. Rxg3 Nxe3 23. Rxe3 Qf4 24. Bxg6 Rxe3 25.
fxe3 Qf3 26. Be4 1-0

[Event "*** Titled Tuesday 3|2 Blitz"]
[Site "Chess.com"]
[Date "2016.03.01"]
[Round "2"]
[White "AdrianaNikolova"]
[Black "Grootneus"]
[Result "1-0"]
[WhiteElo "2151"]
[BlackElo "2030"]
[TimeControl "180+2"]
[EndTime "11:51:39 PST"]
[Termination "AdrianaNikolova won by resignation"]

1. e4 c5 2. Nf3 Nc6 3. d4 cxd4 4. Nxd4 Nf6 5. Nc3 e5 6. Ndb5 d6 7. Bg5 a6 8. Na3 b5 9. Bxf6 gxf6 10. Nd5 f5 11.
Bd3 Be6 12. c3 Bg7 13. Nxb5 axb5 14. Bxb5 Bd7 15. exf5 O-O 16. Qg4 Kh8 17. O-O Rb8 18. a4 Na7 19. Bxd7 Qxd7 20. b4 Rg8 21. Qe4 Nc6 22.
a5 Qd8 23. f6 Bxf6 24. Nxf6 Qxf6 25. Qxc6 Rbc8 26. Qd5 Rxc3 27. a6 Qg6 28. a7 e4 29.
g3 Rd3 30. a8=Q 1-0

[Event "*** Titled Tuesday 3|2 Blitz"]
[Site "Chess.com"]
[Date "2016.03.01"]
[Round "2"]
[White "jcgs1030"]
[Black "evgenyermolaev"]
[Result "1/2-1/2"]
[WhiteElo "2236"]
[BlackElo "2041"]
[TimeControl "180+2"]
[EndTime "11:51:41 PST"]
[Termination "Game drawn by repetition"]

1. e4 c5 2. Nf3 d6 3. d4 cxd4 4. Nxd4 Nf6 5. Nc3 a6 6. Bg5 e6 7. Qe2 h6 8. Be3 b5 9. f3 Nbd7 10. g4 Bb7 11. h4 Nb6 12. Bg2 Rc8 13. g5 hxg5 14. hxg5 Rxh1+ 15. Bxh1 b4 16. Nd1 Nfd7 17. g6 Qf6 18. gxf7+ Qxf7 19. Nf2 Be7 20. O-O-O Nc4 21. Nd3 a5 22. Kb1 Ba6 23. f4 Ndb6 24. Bc1 Na4 25. Qg4 e5 26. Nf5 Na3+ 27. Ka1 Nxc2+ 28. Kb1 Na3+ 29.
Ka1 Nc2+ 30. Kb1 Na3+ 31. Ka1 Nc2+ 32. Kb1 Na3+ 33. Ka1 Nc2+ 34. Kb1 Na3+ 35. Ka1 Nc2+ 1/2-1/2

[Event "*** Titled Tuesday 3|2 Blitz"]
[Site "Chess.com"]
[Date "2016.03.01"]
[Round "2"]
[White "lionheart95"]
[Black "D-Prawira"]
[Result "1-0"]
[WhiteElo "2350"]
[BlackElo "2204"]
[TimeControl "180+2"]
[EndTime "11:52:01 PST"]
[Termination "lionheart95 won on time"]

1. e4 c5 2. Nf3 e6 3. d4 cxd4 4. Nxd4 a6 5. c4 Qc7 6. Nc3 Nf6 7. a3 d6 8. Be3 b6 9. Be2 Bb7 10. f3 Nbd7 11. O-O Be7 12. Qd2 O-O 13. Rfc1 Rac8 14.
b4 Rfe8 15. Nb3 Qb8 16. a4 Bd8 17. Kh1 Bc7 18. Bg1 Rcd8 19. a5 d5 20. exd5 exd5 21. c5 bxc5 22. bxc5 Ne5 23. Nd4 Nc4 24. Qd3 Bf4 25.
Rcb1 Qc7 26. Bf1 Be3 27. Nf5 Bxg1 28. Kxg1 Ne5 29. Qd4 Nc6 30. Qh4 d4 31. Qg5 g6 32.
Qxf6 gxf5 33. Ne2 d3 34. Ng3 Re6 35. Qxf5 Nd4 36. Qg5+ Rg6 37. Rxb7 Qc8 38. Qe7 Rf8 39. Bxd3 Rg7 40. Nh5 1-0

[Event "*** Titled Tuesday 3|2 Blitz"]
[Site "Chess.com"]
[Date "2016.03.01"]
[Round "2"]
[White "Dlugy"]
[Black "GrigorGrigorov"]
[Result "1-0"]
[WhiteElo "2598"]
[BlackElo "2509"]
[TimeControl "180+2"]
[EndTime "11:52:02 PST"]
[Termination "Dlugy won by resignation"]

1. d4 Nf6 2. Bf4 e6 3. e3 b6 4. Nf3 Bb7 5. Nbd2 c5 6. c3 Nc6 7. h3 d5 8. Bb5 Bd6 9. Qa4 Qc7 10. Bxd6 Qxd6 11. Ne5 Rc8 12. Qxa7 Qc7 13. dxc5 bxc5 14. Nxc6 Bxc6 15. Qxc5 Bxb5 16. Qxb5+ Ke7 17. Qb4+ Kd7 18.
Nb3 Ne4 19. Rd1 f5 20. O-O Rb8 21. Qd4 Nf6 22. Nc5+ Ke7 23. Na6 Qa5 24. Nxb8 Rxb8 25.
c4 Qxa2 26. cxd5 Qxd5 27. Qa7+ Qb7 28. Qa3+ Kf7 29. Rd2 Nd5 30. Rc1 h6 31. Qd3 Kg8 32.
e4 Nf4 33. Qf3 Qxe4 34. Qxe4 fxe4 35. Rc4 Nd3 36. Rxe4 Nxb2 37. Rxe6 Nc4 38. Rd7 Rb5 39. Rg6 1-0

[Event "*** Titled Tuesday 3|2 Blitz"]
[Site "Chess.com"]
[Date "2016.03.01"]
[Round "2"]
[White "petrpalachev"]
[Black "kikydu96"]
[Result "1-0"]
[WhiteElo "2288"]
[BlackElo "2288"]
[TimeControl "180+2"]
[EndTime "11:52:07 PST"]
[Termination "petrpalachev won by resignation"]

1. d4 d5 2. c4 c6 3. Nf3 Nf6 4. Nc3 dxc4 5. a4 Bf5 6. e3 e6 7. Bxc4 Bb4 8. Ne5 Nbd7 9. Nd3 a5 10. Nxb4 axb4 11. Ne2 O-O 12. O-O b5 13. Bb3 c5 14.
Bd2 c4 15. Bc2 Bxc2 16. Qxc2 b3 17. Qc1 Ne4 18. Bb4 Re8 19. axb5 Nb6 20. Rxa8 Qxa8 21. Bc5 Nd7 22. f3 Nexc5 23. dxc5 Qa7 24. Qxc4 Nxc5 25.
Rc1 Na4 26. Qxb3 Rb8 27. Nd4 Qa5 28. Ra1 Ra8 29. h3 e5 30. Nc6 Qd2 31. Rxa4 Rxa4 32. Qxa4 Qxe3+ 33. Kh2 Qf4+ 34. Qxf4 1-0

[Event "*** Titled Tuesday 3|2 Blitz"]
[Site "Chess.com"]
[Date "2016.03.01"]
[Round "2"]
[White "Bentery"]
[Black "Cecile_Haussernot"]
[Result "1-0"]
[WhiteElo "2312"]
[BlackElo "2169"]
[TimeControl "180+2"]
[EndTime "11:52:20 PST"]
[Termination "Bentery won by resignation"]

1. Nf3 c5 2. c4 Nc6 3. Nc3 Nf6 4. e3 e5 5. a3 Be7 6. d4 cxd4 7. exd4 exd4 8. Nxd4 O-O 9. Nc2 Bc5 10. Be2 a5 11. O-O d6 12. Be3 Bf5 13. Bd3 Bxd3 14. Qxd3 Ne5 15.
Qe2 Rc8 16. Bxc5 Rxc5 17. Ne3 Re8 18. b3 Neg4 19. Ncd1 Nxe3 20. Nxe3 Ne4 21. Qd3 Qh4 22. Nd5 b5 23. Rae1 bxc4 24. bxc4 Re5 25. g3 Qg4 26. f3 Qh3 27. Rxe4 1-0

[Event "*** Titled Tuesday 3|2 Blitz"]
[Site "Chess.com"]
[Date "2016.03.01"]
[Round "2"]
[White "AndroQueen"]
[Black "KamilPlichta"]
[Result "1-0"]
[WhiteElo "2536"]
[BlackElo "2432"]
[TimeControl "180+2"]
[EndTime "11:52:23 PST"]
[Termination "AndroQueen won by resignation"]

1. d4 g6 2. e4 Bg7 3. Nc3 c5 4. dxc5 Bxc3+ 5. bxc3 Nf6 6. e5 Ne4 7. Bc4 Qa5 8. Ne2 Nc6 9. Qd5 Nxc5 10. Qxf7+ Kd8 11.
O-O Nxe5 12. Qg7 Nxc4 13. Qxh8+ Kc7 14. Qd4 Nb6 15. Be3 d6 16. Qg7 Bd7 17. Qxe7 Nd5 18. Qxh7 Re8 19. Rad1 Nxe3 20. fxe3 Rxe3 21. Nf4 Kc6 22. Qxg6 Ne4 23. Nd5 Re2 24. Rd4 Qc5 25.
Nb4+ Kc7 26. Nd3 Qb6 27. Nf4 Nxc3 28. Qd3 Re4 29. Qxc3+ Bc6 30. Nd5+ 1-0

[Event "*** Titled Tuesday 3|2 Blitz"]
[Site "Chess.com"]
[Date "2016.03.01"]
[Round "2"]
[White "Tesla17"]
[Black "AvitalBor"]
[Result "1-0"]
[WhiteElo "2249"]
[BlackElo "2327"]
[TimeControl "180+2"]
[EndTime "11:52:24 PST"]
[Termination "Tesla17 won on time"]

1. d4 e6 2. c4 Bb4+ 3. Nd2 f5 4.
Nf3 Nf6 5. e3 b6 6. Be2 Bb7 7.
O-O O-O 8. a3 Bxd2 9. Bxd2 d6 10. Ne1 Nbd7 11. f3 Rc8 12. Bc3 c5 13. b4 cxd4 14.
Bxd4 e5 15. Bb2 Qe7 16. a4 Ba6 17. Qb3 Qe6 18. Rc1 Kh8 19. a5 bxa5 20. b5 Bb7 21. Qa3 d5 22. c5 d4 23. c6 Bxc6 24. bxc6 Rxc6 25. Bb5 Rxc1 26. Bxc1 Rb8 27. Bxd7 Qxd7 28.
exd4 exd4 29. Nd3 Nd5 30. Bd2 a4 31. Ne5 Qc7 32. Re1 Qc2 33. Qd6 Nc7 34. Qxd4 a3 35.
Bc3 Ne6 36. Qd6 Re8 37. Qd7 Nc7 38. Nf7+ 1-0

[Event "*** Titled Tuesday 3|2 Blitz"]
[Site "Chess.com"]
[Date "2016.03.01"]
[Round "2"]
[White "jup1978"]
[Black "Lupul_Cenusiu"]
[Result "0-1"]
[WhiteElo "2266"]
[BlackElo "2474"]
[TimeControl "180+2"]
[EndTime "11:52:29 PST"]
[Termination "Lupul_Cenusiu won by resignation"]

1. e4 c5 2. Nf3 e6 3. g3 Nc6 4. Bg2 d6 5. O-O Nf6 6. Qe2 Be7 7. Rd1 e5 8. c3 Bg4 9. h3 Bxf3 10. Qxf3 O-O 11. d3 h6 12. Nd2 Qc7 13. Nc4 Bd8 14. Qe2 Re8 15. Ne3 Ne7 16. Qf3 Rb8 17. Nf5 Nxf5 18.
Qxf5 Qb6 19. Rb1 Nh7 20. Be3 Bf6 21. h4 a5 22. Qg4 Kh8 23. Qf3 a4 24. a3 Qb3 25.
Rd2 Rbd8 26. Qd1 Qxd1+ 27. Rbxd1 Nf8 28. d4 cxd4 29. cxd4 Rc8 30. dxe5 Bxe5 31. Bd4 Kg8 32. Bxe5 dxe5 33. Bh3 Rc4 34. f3 Rc6 35. Kf2 Rb6 36.
Rc1 Ne6 37. Bxe6 Rexe6 38. Rc4 Rb3 39. Rdc2 Reb6 40. Rxa4 Rf6 41. Rc3 Rxb2+ 42. Ke3 Rg2 43. g4 Rh2 44. h5 Rxf3+ 45. Kxf3 Rh3+ 46. Kf2 Rxc3 47. Ra8+ Kh7 48. Rb8 Rb3 49. a4 Rb4 50. a5 Rb5 51. Kf3 g6 52. hxg6+ Kxg6 53. Kg3 Kf6 54. Kh4 Rb1 55. a6 Rh1+ 56. Kg3 bxa6 57. Rb6+ Kg5 58. Rxa6 Rg1+ 59. Kf3 Rxg4 60. Ra7 Rf4+ 61.
Ke3 h5 62. Re7 f6 63. Rg7+ Kh4 0-1

[Event "*** Titled Tuesday 3|2 Blitz"]
[Site "Chess.com"]
[Date "2016.03.01"]
[Round "2"]
[White "Alexander_Donchenko"]
[Black "JustaTrickstar"]
[Result "1-0"]
[WhiteElo "2613"]
[BlackElo "2465"]
[TimeControl "180+2"]
[EndTime "11:52:34 PST"]
[Termination "Alexander_Donchenko won by resignation"]

1. d4 f5 2. Bg5 g6 3. Nc3 Bg7 4. e3 d5 5. h4 Nf6 6. Nh3 h6 7. Bxf6 Bxf6 8. Nf4 Kf7 9. Ncxd5 Bg7 10. Bc4 e6 11.
Nc3 c6 12. g4 g5 13. Nh5 Kg6 14. gxf5+ exf5 15. Nxg7 Kxg7 16. Qh5 Qe8 17. hxg5 Qxh5 18. Rxh5 hxg5 19. Rxg5+ Kf6 20. Rg1 Nd7 21. O-O-O Nb6 22. Bb3 a5 23. a3 Rh2 24. Rh1 Rxh1 25. Rxh1 Kg7 26. Rg1+ Kf6 27. Rg8 Bd7 28. Rxa8 Nxa8 29. Na4 b6 30. Kd2 Ke7 31. c4 c5 32. dxc5 Bxa4 33.
Bxa4 bxc5 34. Bc2 Ke6 35. Kc3 Nb6 36. b4 axb4+ 37. axb4 Nd7 38. Ba4 Nb6 39. Bb3 Kd6 40.
Bc2 cxb4+ 41. Kxb4 Ke5 42. f4+ Ke6 43. Kb5 Nd7 44. c5 Nf6 45. c6 Kd6 46. Kb6 Nd5+ 47. Kb7 1-0

[Event "*** Titled Tuesday 3|2 Blitz"]
[Site "Chess.com"]
[Date "2016.03.01"]
[Round "2"]
[White "Jahonas"]
[Black "arnacman"]
[Result "1/2-1/2"]
[WhiteElo "2176"]
[BlackElo "2301"]
[TimeControl "180+2"]
[EndTime "11:52:45 PST"]
[Termination "Game drawn by repetition"]

1. e4 c5 2. Nf3 d6 3. d4 cxd4 4.
Qxd4 a6 5. Nc3 h6 6. Bc4 e5 7. Qd3 Nf6 8. O-O Be7 9. Nd5 O-O 10. Nxf6+ Bxf6 11. c3 Be6 12. Rd1 Be7 13. Bxe6 fxe6 14.
Qc4 Qc8 15. Qb3 Nc6 16. Be3 Na5 17. Qb4 Nc4 18. b3 Nxe3 19. fxe3 Rf7 20. Qb6 Bf8 21. c4 Rc7 22. Rxd6 Bxd6 23. Qxd6 Qd7 24. Qxe5 Rd8 25. Nd4 Re8 26. Rf1 b6 27. a4 Rc5 28. Qg3 Rg5 29.
Qf3 Qe7 30. h4 Rg6 31. e5 Rf8 32. Qe4 Rxf1+ 33. Kxf1 Qf7+ 34. Nf3 h5 35. Kf2 Rg4 36. Qa8+ Kh7 37. Qxa6 Qf5 38. Qxb6 Qc2+ 39. Ke1 Qc1+ 40. Kf2 Qc2+ 41. Ke1 Qb1+ 42. Kf2 Qc2+ 1/2-1/2

[Event "*** Titled Tuesday 3|2 Blitz"]
[Site "Chess.com"]
[Date "2016.03.01"]
[Round "2"]
[White "kleinebeer98"]
[Black "Gevorg_Harutjunyan"]
[Result "0-1"]
[WhiteElo "2501"]
[BlackElo "2618"]
[TimeControl "180+2"]
[EndTime "11:53:06 PST"]
[Termination "Gevorg_Harutjunyan won by checkmate"]

1. e4 c6 2. d4 d5 3. Nd2 dxe4 4. Nxe4 Bf5 5. Ng3 Bg6 6. h4 h6 7. Nf3 Nd7 8. h5 Bh7 9. Bd3 Bxd3 10. Qxd3 Ngf6 11.
Bd2 e6 12. O-O-O Be7 13. Kb1 Qc7 14. Ne4 Rd8 15. Nxf6+ Bxf6 16. Qe4 Qb6 17. Bc3 Qb5 18. b3 Nb6 19. Bb2 a5 20. a4 Qb4 21. g4 c5 22.
Ka2 Nd5 23. Qd3 cxd4 24. Nxd4 O-O 25. c4 Nf4 26. Qe4 Qb6 27. Qxf4 e5 28. Qf5 exd4 29.
f4 Rfe8 30. Rhe1 Re3 31. Rxe3 dxe3 32. Bxf6 Rxd1 33. Qc8+ Kh7 34. Qf5+ g6 35. hxg6+ fxg6 36. Qe5 Rd2+ 37. Ka3 Qb4# 0-1

[Event "*** Titled Tuesday 3|2 Blitz"]
[Site "Chess.com"]
[Date "2016.03.01"]
[Round "2"]
[White "bugsbunny444"]
[Black "Drags95"]
[Result "0-1"]
[WhiteElo "2451"]
[BlackElo "2248"]
[TimeControl "180+2"]
[EndTime "11:53:11 PST"]
[Termination "Drags95 won by resignation"]

1. Nf3 Nf6 2. c4 g6 3. b4 Bg7 4. Bb2 O-O 5. g3 d6 6. Bg2 e5 7. O-O Re8 8. d3 Nbd7 9. Qc2 c6 10. Nbd2 d5 11. cxd5 cxd5 12. e3 b6 13. Rfc1 Ba6 14. a4 Rc8 15. Qb3 Qe7 16. a5 Rxc1+ 17. Rxc1 bxa5 18.
bxa5 Nc5 19. Rxc5 Qxc5 20. Nxe5 Qxa5 21. Bc3 Qb5 22. Qa2 Nd7 23. d4 Nxe5 24. dxe5 Bxe5 25. Bxe5 Rxe5 26. Bf1 Qb4 27. Bxa6 d4 28. Nc4 Re6 29.
exd4 Qe1+ 30. Kg2 Qe4+ 31. Kg1 Qc6 32. d5 Qxa6 33. Qb3 Re8 34. Kg2 Qf6 35. Qd3 Qf5 36.
Qd4 Qe4+ 37. Qxe4 Rxe4 38. Ne3 Rd4 39. Kf3 a5 40. h4 a4 41. Ke2 a3 42. Nc2 a2 0-1

[Event "*** Titled Tuesday 3|2 Blitz"]
[Site "Chess.com"]
[Date "2016.03.01"]
[Round "2"]
[White "Andrejkin"]
[Black "chessbia"]
[Result "0-1"]
[WhiteElo "2113"]
[BlackElo "2068"]
[TimeControl "180+2"]
[EndTime "11:53:12 PST"]
[Termination "chessbia won by checkmate"]

1. e4 e5 2. Nf3 Nc6 3. Bc4 Bc5 4.
d3 a6 5. Nc3 h6 6. Be3 Ba7 7.
Bxa7 Rxa7 8. d4 exd4 9. Nxd4 Nge7 10. O-O O-O 11. f4 b5 12. Bb3 d6 13. f5 Nxd4 14.
Qxd4 c5 15. Qe3 Nc6 16. f6 c4 17. Nd5 cxb3 18. Qg3 g6 19. Qh4 Kh7 20. axb3 Be6 21.
Ne3 Qb6 22. Rae1 Ne5 23. Kh1 Rc8 24. Qf4 a5 25. h4 a4 26. b4 a3 27. bxa3 Rxa3 28. h5 Rcc3 29. Nf5 g5 30. Qd2 Bxf5 31.
Rxf5 Re3 32. Ref1 Qc6 33. Rxe5 dxe5 34. Qd8 Qxe4 35. Qf8 Rh3+ 36. Kg1 Qe3+ 37. Rf2 Ra1# 0-1

[Event "*** Titled Tuesday 3|2 Blitz"]
[Site "Chess.com"]
[Date "2016.03.01"]
[Round "2"]
[White "viditchess"]
[Black "KNVB"]
[Result "1-0"]
[WhiteElo "2434"]
[BlackElo "2352"]
[TimeControl "180+2"]
[EndTime "11:53:15 PST"]
[Termination "viditchess won by resignation"]

1. d4 e6 2. Nf3 Nf6 3. c4 b6 4.
e3 Bb7 5. Nc3 Be7 6. d5 Bb4 7. Bd2 O-O 8. dxe6 dxe6 9. Qc2 Nbd7 10. O-O-O Qe7 11. a3 a5 12. Nd4 Nc5 13. f3 Bxc3 14.
Bxc3 a4 15. Be2 e5 16. Nf5 Qe6 17. Bb4 Nb3+ 18. Kb1 Rfd8 19. Rxd8+ Rxd8 20. Rd1 Rd7 21. Rxd7 Nxd7 22. Ne7+ Kh8 23. Nd5 c6 24. Nc3 Nbc5 25. Nxa4 Nxa4 26. Qxa4 c5 27. Bc3 h6 28. e4 Kh7 29.
Qa7 Bc6 30. Qc7 Qg6 31. g4 Qf6 32. Ka2 h5 33. gxh5 Qe6 34. b3 f6 35. Bd3 Kh6 36.
Be2 Kxh5 37. f4+ Kh6 38. f5 Qe8 39. Qxc6 1-0

[Event "*** Titled Tuesday 3|2 Blitz"]
[Site "Chess.com"]
[Date "2016.03.01"]
[Round "2"]
[White "Mornar1951"]
[Black "AndreyOstrovskiy"]
[Result "1-0"]
[WhiteElo "2597"]
[BlackElo "2462"]
[TimeControl "180+2"]
[EndTime "11:53:23 PST"]
[Termination "Mornar1951 won by checkmate"]

1. Nf3 Nf6 2. c4 e6 3. d4 b6 4. a3 Bb7 5. Nc3 g6 6. d5 exd5 7. cxd5 Bg7 8. e4 O-O 9. Bg5 h6 10. Bh4 Re8 11. Be2 g5 12. Nxg5 hxg5 13. Bxg5 d6 14. O-O Nbd7 15. f4 Qc8 16. Qc2 Ba6 17.
Rae1 Bxe2 18. Rxe2 c6 19. e5 Nxd5 20. exd6 Nxc3 21.
bxc3 Nf6 22. Re5 Nh7 23. Rf5 Qe6 24. Rd1 Nxg5 25. Rxg5 Rad8 26. h4 Rxd6 27. Rf1 Qe3+ 28. Kh2 Qe2 29. Qb1 c5 30. Rf3 Re3 31. Rxe3 Qxe3 32.
Qf5 Qe6 33. Qc2 Qf6 34. Qe4 Re6 35. Qa8+ Kh7 36. Rh5+ Bh6 37. g3 Re2+ 38. Kh3 Qe6+ 39. f5 Qa2 40. Rxh6+ Kxh6 41. Qh8# 1-0

[Event "*** Titled Tuesday 3|2 Blitz"]
[Site "Chess.com"]
[Date "2016.03.01"]
[Round "2"]
[White "pedromartinez91"]
[Black "DagurR"]
[Result "0-1"]
[WhiteElo "2333"]
[BlackElo "2271"]
[TimeControl "180+2"]
[EndTime "11:53:26 PST"]
[Termination "DagurR won by resignation"]

1. e4 e6 2. d4 d5 3. Nd2 h6 4. Ngf3 Nf6 5. e5 Nfd7 6. Bd3 c5 7. c3 Nc6 8. Bc2 g5 9. h3 Qb6 10. Nb3 cxd4 11. cxd4 a5 12. a4 Nb4 13. Bb1 Qa6 14. Qe2 b6 15. Qxa6 Bxa6 16. Bd2 Rc8 17. Bc3 Nd3+ 18. Bxd3 Bxd3 19. Kd2 Ba6 20. Nc1 f6 21.
Re1 f5 22. Nd3 Be7 23. Nh2 h5 24. Rab1 g4 25. b4 Bg5+ 26. Kc2 Ke7 27. b5 Bb7 28. f4 gxf3 29. Nxf3 Bh6 30. Kb3 Rhg8 31. Re2 Rg3 32. Be1 Rg7 33. Bd2 Bxd2 34. Rxd2 Rc4 35. Rc1 Rg3 36. Nf4 Rxc1 37. Ne2 Rxf3+ 38. gxf3 Rc4 39.
Nf4 Nc5+ 40. dxc5 Rxf4 41. c6 Rxf3+ 42. Kb2 Bc8 43. Rg2 Kf7 44. Rg5 Rxh3 45. Kc2 Rh4 46. Kb3 f4 47. Kc3 f3 48. Rg1 Rf4 49. Kd3 Rf5 50. Ke3 h4 51. Rh1 f2 52. Rf1 h3 53.
Ke2 h2 0-1

[Event "*** Titled Tuesday 3|2 Blitz"]
[Site "Chess.com"]
[Date "2016.03.01"]
[Round "2"]
[White "Blitzstream"]
[Black "Izoria123"]
[Result "0-1"]
[WhiteElo "2447"]
[BlackElo "2550"]
[TimeControl "180+2"]
[EndTime "11:53:47 PST"]
[Termination "Izoria123 won by checkmate"]

1. d4 d6 2. g3 g6 3. Bg2 Bg7 4. e4 c5 5. Ne2 cxd4 6. Nxd4 Nc6 7. Nb3 a5 8. Nc3 a4 9. Nd2 a3 10. O-O Nh6 11. Rb1 O-O 12. Nc4 Ng4 13. Nd5 axb2 14. Bxb2 Rxa2 15. Bxg7 Kxg7 16. Ncb6 Be6 17. h3 Nf6 18.
Ra1 Rxa1 19. Qxa1 Bxd5 20. Nxd5 e5 21. f4 Nxd5 22. exd5 Nd4 23. fxe5 dxe5 24. Qe1 Qd6 25. c3 Nb3 26. c4 Nc5 27. Qb4 f5 28. Qc3 Kg8 29.
Rb1 e4 30. Rb5 Re8 31. Qe3 b6 32. Bf1 Nd7 33. Be2 Ra8 34. h4 Ra3 35. Rb3 Ra2 36. Kh2 Ne5 37. Kh3 Nd7 38. Rb5 Ra3 39. Rb3 Rxb3 40.
Qxb3 Kf7 41. Qe3 Qe5 42. Qh6 Nf6 43. h5 e3 44. hxg6+ hxg6 45. Qh8 Qe4 46. Kh2 Qc2 47. Qb8 Qxe2+ 48. Kh1 Qf1+ 49. Kh2 Ng4# 0-1

[Event "*** Titled Tuesday 3|2 Blitz"]
[Site "Chess.com"]
[Date "2016.03.01"]
[Round "2"]
[White "E-Shaposhnikov"]
[Black "MITerryble"]
[Result "1/2-1/2"]
[WhiteElo "2498"]
[BlackElo "2624"]
[TimeControl "180+2"]
[EndTime "11:53:49 PST"]
[Termination "Game drawn by agreement"]

1. Nf3 Nf6 2. c4 e6 3. Nc3 b6 4. e4 Bb7 5. e5 Ne4 6. Bd3 Nxc3 7. dxc3 Be7 8. Qe2 d6 9. Bf4 Nd7 10. exd6 Bxd6 11. Bxd6 cxd6 12. Rd1 Qc7 13. Be4 Bxe4 14. Qxe4 O-O 15. O-O Rac8 16. b3 Nf6 17. Qf4 d5 18.
Qxc7 Rxc7 19. cxd5 exd5 20. Rd3 Rfc8 21. Rc1 Ne4 22. c4 dxc4 23. Rxc4 Rxc4 24. bxc4 g6 25. Rd4 Nc3 26. Rd7 Rxc4 27. Rxa7 Ne4 28. Ne1 Rc1 29. Kf1 Rb1 30. f3 Nc3 31. Kf2 Rb2+ 32. Kg3 Rxa2 33. Rb7 Nd5 34. Nd3 Ne3 35. Nf4 g5 36.
Nh5 Rxg2+ 37. Kh3 h6 38. Rxb6 Rf2 39. Kg3 Rg2+ 40. Kh3 Rf2 41. Kg3 Rf1 42. Rxh6 Nf5+ 43. Kg2 Nxh6 44. Kxf1 Kh7 1/2-1/2

[Event "*** Titled Tuesday 3|2 Blitz"]
[Site "Chess.com"]
[Date "2016.03.01"]
[Round "2"]
[White "PowerThinking2650"]
[Black "chorejason"]
[Result "1/2-1/2"]
[WhiteElo "2134"]
[BlackElo "2087"]
[TimeControl "180+2"]
[EndTime "11:53:56 PST"]
[Termination "Game drawn by agreement"]

1. e4 c5 2. Nf3 d6 3. d4 cxd4 4. Nxd4 Nf6 5. Nc3 g6 6. Bc4 Bg7 7. Be3 Ng4 8. Bb5+ Kf8 9. O-O Nxe3 10. fxe3 e6 11. Bc4 Qe7 12. Ncb5 Be5 13. Nf3 Nc6 14.
Nxe5 dxe5 15. Nd6 f6 16. Nxc8 Rxc8 17. Qg4 Kf7 18. Rf3 Nd4 19. exd4 Rxc4 20. dxe5 Qc5+ 21. Kh1 Qxe5 22. Raf1 f5 23. Rb3 b6 24. Ra3 a5 25.
Qd1 Rd4 26. Rd3 Rhd8 27. exf5 exf5 28. Rxd4 Rxd4 29. Qf3 Rd2 30. Qb7+ Kg8 31. Qxb6 Qe2 32. Rg1 Rxc2 33. Qxa5 Rxb2 34. a4 Qf2 35. Qd8+ Kg7 36.
Qe7+ Kh6 37. a5 f4 38. Qf8+ Kh5 39. a6 Ra2 40. Qg7 Kg5 41. Qe7+ Kh6 42. Qf8+ Kg5 43. Qg8 h5 44. Qd5+ Kh6 45. Qc6 Re2 46. h3 Re1 47.
Rxe1 Qxe1+ 48. Kh2 Qg3+ 49. Kg1 Qe1+ 50. Kh2 Qg3+ 1/2-1/2

[Event "*** Titled Tuesday 3|2 Blitz"]
[Site "Chess.com"]
[Date "2016.03.01"]
[Round "2"]
[White "ChessTrener"]
[Black "pKiLz5Rn9b"]
[Result "1-0"]
[WhiteElo "2573"]
[BlackElo "2514"]
[TimeControl "180+2"]
[EndTime "11:54:02 PST"]
[Termination "ChessTrener won by resignation"]

1. e4 e6 2. d4 d5 3. Nc3 Nf6 4. Bg5 Be7 5. e5 Nfd7 6. Bxe7 Qxe7 7. Qd2 O-O 8. f4 c5 9. Nf3 Nc6 10. dxc5 f6 11. exf6 Nxf6 12. Bd3 Qxc5 13. O-O-O Bd7 14.
Kb1 Rab8 15. Nb5 Kh8 16. Rhe1 a6 17. Nc3 b5 18. Ne5 Nxe5 19. Rxe5 Rbe8 20. h3 b4 21. Ne2 a5 22. Qe3 Qxe3 23. Rxe3 Kg8 24. Nd4 Re7 25. Rde1 Kf7 26. Nf3 Rfe8 27. g4 g6 28. Kc1 Bc8 29. Kd2 Rd8 30. Ng5+ Kg7 31. Nxe6+ Bxe6 32. Rxe6 Rf7 33.
Kc1 Nd7 34. Rd6 Rc8 35. f5 Nc5 36. Rxd5 Nxd3+ 37. Rxd3 gxf5 38. gxf5 Rxf5 39. Re7+ Rf7 40. Rxf7+ Kxf7 41. Rd5 Ra8 42. Rb5 Ra7 43. Kd2 Ke6 44. Kd3 Kd6 45. Kc4 Kc6 46. Rh5 Re7 47. Rxa5 Re4+ 48. Kb3 Re3+ 49. Kxb4 Rxh3 50. c4 h5 51. Ra6+ Kb7 52. Rh6 h4 53. Kb5 Rh2 54. b4 h3 55.
Rh7+ Kc8 56. a4 Rh1 57. a5 h2 58. c5 Kb8 59. a6 1-0

[Event "*** Titled Tuesday 3|2 Blitz"]
[Site "Chess.com"]
[Date "2016.03.01"]
[Round "2"]
[White "GianmarcoVaR"]
[Black "FrankieJay"]
[Result "0-1"]
[WhiteElo "2329"]
[BlackElo "2217"]
[TimeControl "180+2"]
[EndTime "11:54:03 PST"]
[Termination "FrankieJay won by resignation"]

1. d4 Nf6 2. Nf3 g6 3. Bg5 Bg7 4. Nbd2 d5 5. e3 O-O 6. Be2 Nbd7 7. O-O c5 8. c3 Qb6 9. Qc2 Re8 10. a4 a6 11. a5 Qc6 12. Rfd1 e5 13. dxe5 Nxe5 14. Nxe5 Rxe5 15. Bf4 Re8 16. c4 Bf5 17. Qb3 d4 18. Bf3 Ne4 19. Nf1 Qd7 20. exd4 Bxd4 21.
Be3 Rac8 22. Ng3 Nxg3 23. hxg3 Be4 24. Bxd4 cxd4 25. Bxe4 Rxe4 26. Re1 Qc6 27. Rxe4 Qxe4 28. Rd1 Rc5 29. f3 Qe5 30. Qd3 Qxg3 31. Qxd4 Re5 32.
Qc3 h5 33. Rf1 h4 34. f4 Qxc3 35. bxc3 Rxa5 36. Rb1 Rc5 37. Rxb7 Rxc4 38. f5 g5 39. Rb6 Rxc3 40. Rxa6 Rc5 41. f6 Kh7 42. Kh2 Kg6 43. Rb6 Rf5 44. Rb8 Rxf6 45. Rb5 Rf5 46. Rb4 Kh5 47. Kh3 Ra5 48. Rb6 Ra3+ 49. Kh2 f5 50.
Rb4 f4 51. Rb2 Kg4 52. Rb1 h3 53. Rg1 Ra2 0-1